 Dungeon Crawl Stone Soup version 0.20.1-1-g8b1a95d (console) character file.

961 bli the Slasher (level 8, -1/64 HPs)
             Began as a Formicid Abyssal Knight on Aug 6, 2017.
             Was a Follower of Lugonu.
             Slain by a killer bee (6 damage)
             ... on level 12 of the Dungeon.
             The game lasted 00:15:39 (5228 turns).

bli the Slasher (Formicid Abyssal Knight)           Turns: 5228, Time: 00:15:40

Health: -1/64      AC:  6    Str: 17    XL:     8   Next: 37%
Magic:  9/9        EV: 12    Int: 12    God:    Lugonu [*.....]
Gold:   250        SH:  0    Dex: 12    Spells: 7/7 levels left

rFire    . . .     SeeInvis +   a - +2 short sword (venom)
rCold    . . .     Gourm    .   (no shield)
rNeg     . . .     Faith    .   D - +0 leather armour
rPois    .         Spirit   .   (helmet unavailable)
rElec    .         Reflect  .   (no cloak)
rCorr    .         Harm     .   n - +2 pair of gloves
MR       .....                  (no boots)
Stlth    +.........             (no amulet)
Regen    0.2/turn               (no ring)
MPRegen  0.2/turn               (no ring)

@: confused, lethally poisoned (-1 -> -8)
A: permanent stasis, dig shafts and tunnels, four strong arms, antennae 3
a: Dig, Shaft Self, Depart the Abyss, Renounce Religion


You were on level 12 of the Dungeon.
You worshipped Lugonu.
Lugonu was aware of your devotion.
You were near starving.

You visited 1 branch of the dungeon, and saw 8 of its levels.
You visited the Abyss 1 time.

You collected 250 gold pieces.

Inventory:

Hand Weapons
 a - a +2 short sword of venom (weapon)
 b - a +1 falchion
 A - a +1 hand axe of chopping
Missiles
 p - 195 stones (quivered)
Armour
 l - a cursed +0 ring mail
 n - a +2 pair of gloves (worn)
 o - a +0 pair of gloves
 r - a +0 pair of gloves
 D - a +0 leather armour (worn)
Wands
 v - a wand of flame (11/48)
 C - a wand of confusion (22/48)
Scrolls
 d - 4 scrolls of identify {unknown}
 e - a scroll of enchant weapon {unknown}
 h - 2 scrolls of noise {unknown}
 j - 2 scrolls of recharging {unknown}
 m - 3 scrolls of teleportation {unknown}
 s - a scroll of random uselessness {unknown}
 u - 2 scrolls of remove curse {unknown}
 y - a scroll of amnesia {unknown}
 B - a scroll of blinking {unknown}
Potions
 g - 2 potions of heal wounds {unknown}
 k - a potion of curing {unknown}
 q - a potion of agility {unknown}
 x - 2 potions of ambrosia
 z - a potion of lignification {unknown}
Books
 w - a book of Maledictions

   Spells                             Type                      Level
   a - Corona                         Hexes                        1
   b - Ensorcelled Hibernation        Hexes/Ice                    2
   c - Confuse                        Hexes                        3
   d - Tukima's Dance                 Hexes                        3
   e - Dazzling Spray                 Conjuration/Hexes            3
Comestibles
 c - 4 bread rations
 f - 2 royal jellies
 i - a fruit
 t - a meat ration


   Skills:
 * Level 5.9 Fighting
 * Level 6.7 Long Blades
 + Level 3.6 Armour
 + Level 2.8 Dodging
 + Level 1.1 Stealth
 + Level 2.5 Invocations
 + Level 0.7 Evocations


You had 7 spell levels left.
You didn't know any spells.

Dungeon Overview and Level Annotations

Branches:
Dungeon (9/15)
 Temple: D:4-7         Lair: D:8-11         Orc: D:9-12

Altars:
Cheibriados
Dithmenos
Elyvilon
Hepliaklqana
Trog
Zin
The Shining One

Annotations:
D:4 Savaroth's ghost, amateur MiBe
D:5 Pikel


Innate Abilities, Weirdness & Mutations

You cannot be hasted, slowed, berserked, paralysed or teleported.
You can dig through walls and to a lower floor.
Your four strong arms can wield two-handed weapons with a shield.
You have a pair of large antennae on your head. (SInv)


Message History

You feel sick. The killer bee closely misses you.
You feel sick. The killer bee stings you.
* * * LOW HITPOINT WARNING * * *
There is a stone staircase leading down, spattered with blood here.
You miss the killer bee. The killer bee closely misses you. x2
You barely miss the killer bee.
You feel sick. The killer bee stings you.
* * * LOW HITPOINT WARNING * * *
You are more poisoned.
The killer bee poisons you! The killer bee stings you.
* * * LOW HITPOINT WARNING * * *
It was a potion of ambrosia.
You are confused.
You feel invigorated.
* * * LOW HITPOINT WARNING * * *
You feel sick. The killer bee closely misses you.
The killer bee stings you but does no damage.
You feel sick. The killer bee stings you!
* * * LOW HITPOINT WARNING * * *
The killer bee stings you.
You die...

#.?...#.#####.##.# #.###
........# #......# #.#.#
........###....##########....
?.....................)......
..yy..y.###...#####.#####....
y...yy........# #.# #.....
{Z.$#.###...# #.# #.#.## #.#
###.# #.# #.#.# #.# #.#####.#
#.#.# #.#####y......# #.#.##
#..(..@..#.#### #.#...
##########.# #.#..# #.#
#..... #.# ###... #.# #.## {
..# #.#. ### #... ####


You could see a killer bee.

Vanquished Creatures
  A two-headed ogre (D:12)
  A scorpion (D:4)
  A jelly (D:9)
  2 orc wizards (D:4)
  A worker ant (D:4)
  2 gnolls (D:2)
  7 adders
  3 worms
  A dart slug (D:2)
  2 leopard geckos
  10 orcs
  4 ball pythons
  2 giant cockroaches
  6 goblins
  5 hobgoblins
  3 jackals (D:2)
  A quokka (D:3)
  4 bats
  2 frilled lizards
  7 kobolds
  4 rats
69 creatures vanquished.

Notes
Turn   | Place    | Note
-------+----------+-------------------------------------------
     0 | Abyss:1  | bli the Formicid Abyssal Knight began the quest for the Orb.
     0 | Abyss:1  | Reached XP level 1. HP: 18/18 MP: 2/2
   119 | Abyss:2  | Noticed a ynoxinul
   120 | Abyss:2  | Noticed a ynoxinul
   122 | D:1      | Escaped the Abyss
   241 | D:1      | Reached * piety under Lugonu
   306 | D:1      | Reached XP level 2. HP: 24/24 MP: 3/3
   954 | D:2      | Reached XP level 3. HP: 23/30 MP: 4/4
  1073 | D:2      | Reached skill level 1 in Dodging
  1367 | D:2      | Reached XP level 4. HP: 5/38 MP: 5/5
  1370 | D:2      | You fall through a shaft!
  1978 | D:3      | Found a shadowy altar of Dithmenos.
  2128 | D:3      | Found a glowing golden altar of the Shining One.
  2577 | D:2      | Reached skill level 3 in Long Blades
  2617 | D:2      | Reached XP level 5. HP: 24/43 MP: 6/6
  3484 | D:4      | Noticed Savaroth's ghost (amateur MiBe)
  3614 | D:4      | Reached XP level 6. HP: 45/49 MP: 7/7
  3650 | D:4      | Reached skill level 4 in Long Blades
  3870 | D:4      | Found a bloodstained altar of Trog.
  3870 | D:4      | Found a glowing silver altar of Zin.
  3925 | D:4      | Found a snail-covered altar of Cheibriados.
  3931 | D:4      | Found a white marble altar of Elyvilon.
  3950 | D:4      | Found a hazy altar of Hepliaklqana.
  4259 | D:5      | Entered Level 5 of the Dungeon
  4387 | D:5      | Noticed a slave
  4388 | D:5      | Noticed a slave
  4389 | D:5      | Noticed a slave
  4389 | D:5      | Noticed Pikel
  4389 | D:5      | Noticed a slave
  4396 | D:5      | Noticed a water moccasin
  4403 | D:5      | You fall through a shaft for 3 floors!
  4411 | D:8      | Noticed an orc warrior
  4594 | D:9      | Reached skill level 5 in Fighting
  4594 | D:9      | Reached skill level 1 in Stealth
  4801 | D:9      | Noticed a manticore
  4808 | D:9      | You fall through a shaft for 3 floors!
  5003 | D:12     | Noticed a wyvern
  5117 | D:12     | Noticed a two-headed ogre
  5158 | D:12     | Killed a two-headed ogre
  5158 | D:12     | Reached skill level 6 in Long Blades
  5158 | D:12     | Reached XP level 7. HP: 6/57 MP: 8/8
  5158 | D:12     | Reached XP level 8. HP: 6/64 MP: 9/9
  5228 | D:12     | Slain by a killer bee

Skill      XL: |  1  2  3  4  5  6 |
---------------+-------------------+-----
Fighting       | 4 5 |  5.9
Dodging        | 1 2 |  2.8
Long Blades    | 3 6 |  6.7
Armour         | 3 |  3.6
Stealth        | 1 |  1.1
Invocations    | |  2.5
Evocations     | |  0.7

Action                   |  1- 3 |  4- 6 |  7- 9 || total
-------------------------+-------+-------+-------++-------
Melee: Falchion          |    79 |   186 |       ||   265
       Short sword       |       |     9 |     3 ||    12
       Hand axe          |       |     1 |       ||     1
Invok: Depart the Abyss  |     1 |       |       ||     1
 Abil: Shaft Self        |       |     3 |       ||     3
       Dig               |       |     2 |       ||     2
Evoke: Wand              |       |     1 |       ||     1
  Use: Potion            |       |       |     1 ||     1
  Eat: Chunk             |     1 |    10 |       ||    11
       Fruit             |       |     3 |       ||     3
Armor: Leather armour    |    21 |    74 |     2 ||    97
Dodge: Dodged            |    49 |   130 |     6 ||   185
       Rpst.: Falchion   |    18 |    30 |       ||    48
